 Dungeon Crawl Stone Soup version 0.29-a0-88-g03a7b78be7 (webtiles) character file.

Game seed: 5825758489567205218

46 enile the Sneak (level 3, 0/32 HPs)
             Began as a Naga Ice Elementalist on Feb 6, 2022.
             Slain by a goblin (3 damage)
             ... led by Robin
             ... on level 2 of the Dungeon.
             The game lasted 00:02:36 (1933 turns).

enile the Sneak (Naga Ice Elementalist)             Turns: 1933, Time: 00:02:36

Health: 0/32       AC:  3    Str: 10    XL:     3   Next: 66%
Magic:  0/6        EV:  9    Int: 17    God:
Gold:   38         SH:  0    Dex: 11    Spells: 5/6 levels left

rFire   . . .      SeeInvis +   d - +0 short sword
rCold   . . .      Faith    .   (no shield)
rNeg    . . .      Spirit   +   a - +1 robe
rPois   +          Reflect  .   (no helmet)
rElec   .          Harm     .   (no cloak)
rCorr   +          Rampage  .   (no gloves)
Will    .....                   (no barding)
Stlth   +++.......              e - amulet of guardian spirit
HPRegen 0.10/turn               b - ring of resist corrosion
MPRegen 0.10/turn               (no ring)

@: hasted, quick
A: AC +1, large, see invisible, deformed body, poison resistance, slowness 2,
spit poison 1, naga tail 1
a: Spit Poison


You were on level 2 of the Dungeon.
You visited 1 branch of the dungeon, and saw 2 of its levels.

You collected 38 gold pieces.

Inventory:

Hand Weapons
 d - a +0 short sword (weapon)
Armour
 a - a +1 robe (worn)
Jewellery
 b - a ring of resist corrosion (left hand)
 e - an amulet of guardian spirit (around neck)
Scrolls
 g - a scroll of identify


   Skills:
 - Level 2.0 Fighting
 - Level 1.5 Dodging
 - Level 5.0 Stealth
 + Level 2.0 Spellcasting
 - Level 4.0 Ice Magic


You had 5 spell levels left.
You knew the following spells:

 Your Spells              Type           Power      Damage    Failure   Level
a - Freeze                Ice            60%        1d8       3%          1

Your spell library contained the following spells:

 Spells                   Type           Power      Damage    Failure   Level
 Frozen Ramparts          Ice            30%        1d5       11%         3
 Ozocubu's Armour         Ice            15%        N/A       11%         3
 Ensorcelled Hibernation  Hex/Ice        16%        N/A       13%         2
 Passwall                 Tmut/Erth      0%         N/A       28%         2
 Swiftness                Air            1%         N/A       50%         3
 Hailstorm                Conj/Ice       8%         3d4       63%         4


Dungeon Overview and Level Annotations

Branches:
Dungeon (2/15)

Altars:

Annotations:
D:2 Robin


Innate Abilities, Weirdness & Mutations

Your serpentine skin is tough. (AC +1)
You have supernaturally acute eyesight. (SInv)
Armour fits poorly on your strangely shaped body.
Your system is resistant to poisons. (rPois)
You cover ground very slowly.
You can spit poison.
You have a snake-like lower body.


Message History

The goblin looks frightened! x2; The hobgoblin looks frightened! x2
The hobgoblin shouts!
The hobgoblin looks frightened!
The ball python looks frightened!
It was a scroll of fear.
You hear a shout!
The hobgoblin gives up.
Cornered, the goblin turns to fight!
Cornered, Robin turns to fight!
Cornered, the goblin turns to fight!
The goblin no longer looks unusually strong.
Cornered, the ball python turns to fight!
The hobgoblin no longer looks unusually strong.
Robin roars a battlecry!
The goblins go into a battle-frenzy!
The goblin hits you with a +0 dagger.
Aiming: Spit Poison (2% risk of failure)
Press: ? - help, Shift-Dir - straight line, f - goblin
Aim: a goblin, wielding a +0 dagger (strong, 50% to hit)
The splash of poison misses the goblin.
The goblin no longer looks unusually strong.
Robin says, "Bow before me, strongest of all the hobgoblins!"
The goblin hits you with a +0 dagger. Robin throws the goblin at you!
The goblin hits you with a +0 club.
* * * LOW HITPOINT WARNING * * *
As you read the scroll labelled LANGUA LUOTH, it crumbles to dust.
It is a scroll of enchant armour.
Your +0 robe glows green for a moment.
You have got your breath back.
The goblin barely misses you. The goblin hits you with a +0 club.
* * * LOW HITPOINT WARNING * * *
As you read the scroll labelled VAMNYCLUESH, it crumbles to dust.
It is a scroll of identify.
h - a potion of haste The goblin closely misses you.
Robin roars a battlecry!
The goblin goes into a battle-frenzy!
The goblin hits you with a +0 club.
* * * LOW HITPOINT WARNING * * *
You feel yourself speed up. The goblin misses you.
The goblin hits you with a +0 club.
You die...

.#≈# ##.#.##.# #.### #..≈.##
#.#.##.#####†# #.
≈..#####.#.##.......# ##.
≈.............††.†..#
###..###..####....##......#
.g......#^##....#.........#
.g###...#...##.##...##......#
gggg..).)g.g.gg###..........#
####.......#@.##.###.#...##
####...###..#.# .......
g.....†..## #..........###
######....# ...##..####
#..#.## .#..# #..#### ##...
#.# #.. #. .. ##


You could see Robin, a hobgoblin (strong) and 2 goblins.

Vanquished Creatures
  3 bats
  2 endoplasms
  A giant cockroach (D:1)
  4 hobgoblins (D:1)
  6 jackals
  2 kobolds (D:1)
  5 quokkas (D:1)
  3 ball pythons (D:1)
  3 frilled lizards
  6 goblins
  5 rats
40 creatures vanquished.

Vanquished Creatures (others)
  A fungus (D:2)
  A plant (D:2)
2 creatures vanquished.

Grand Total: 42 creatures vanquished

Notes
Turn   | Place    | Note
-------+----------+-------------------------------------------
     0 | D:1      | enile the Naga Ice Elementalist began the quest for the
                  | Orb.
     0 | D:1      | Reached XP level 1. HP: 15/15 MP: 3/3
    94 | D:1      | Reached skill level 1 in Fighting
   405 | D:1      | Reached XP level 2. HP: 23/25 MP: 1/5
  1043 | D:1      | Reached XP level 3. HP: 31/32 MP: 3/6
  1087 | D:1      | Reached skill level 4 in Stealth
  1915 | D:2      | Noticed Robin
  1922 | D:2      | Reached skill level 5 in Stealth
  1933 | D:2      | Slain by a goblin

Illustrated notes

Levels and vault maps discovered:
D:1:      minmay_arrival_four_loops, layout_basic,
          chequers_serial_rivers_micro_d, nrook_campfire
D:2:      layout_loops_ring, dreamdust_ecumenical_altar_grove,
          chequers_serial_rivers_micro_b, grunt_ministairs_1,
          corexii_leaking_fountain, minmay_fractal_squares_gapless_5, uniq_robin

Skill      XL: |  1  2  3 |
---------------+----------+-----
Fighting       | 1 2 |  2.0
Stealth        | 5 |  5.0
Dodging        | |  1.5
Spellcasting   | |  2.0
Ice Magic      | |  4.0

Action                   || total
-------------------------++-------
Melee: Short sword       ||    45
       Punch             ||     1
 Cast: Freeze            ||    41
 Abil: Spit Poison       ||     8
  Use: Scroll            ||     3
       Potion            ||     1
 Stab: Sleeping          ||     4
Armor: Robe              ||     7
Dodge: Dodged            ||    42

Table legend: (Time is in decaauts)
 A = Elapsed time spent in this place.
 B = Non-inter-level travel time spent in this place.
 C = Inter-level travel time spent in this place.
 D = Time resting spent in this place.
 E = Time spent auto-exploring this place.
 F = Levels seen in this place.
 G = Mean time per level.
                   A        B        C        D        E       F      G
               +--------+--------+--------+--------+--------+-----+--------+
         Total |   2272 |   2227 |     45 |      0 |   1915 |   2 | 1136.0 |
       Dungeon |   2272 |   2227 |     45 |      0 |   1915 |   2 | 1136.0 |
               +--------+--------+--------+--------+--------+-----+--------+

Top non-repeatable levels by time:
     D:1: 2070 daAuts
     D:2: 201 daAuts
